 Dungeon Crawl Stone Soup version 0.20-a0-629-gc37eb77 (webtiles) character file.

68383 Heleg the Peltast (level 14, -3/132 HPs)
             Began as a Minotaur Fighter on Feb 9, 2017.
             Was the Champion of Okawaru.
             Slain by a deep troll shaman (16 damage)
             ... on level 2 of the Depths on Feb 10, 2017.
             The game lasted 02:44:03 (19357 turns).

Heleg the Peltast (Minotaur Fighter)               Turns: 19357, Time: 02:44:04

Health: -3/132     AC: 20    Str: 31    XL:     14   Next: 86%
Magic:  13/13      EV: 13    Int:  3    God:    Okawaru [******]
Gold:   869        SH: 15    Dex: 14    Spells: 13/13 levels left

rFire    . . .     SeeInvis .   P - +11 long sword "Tormentor" {freeze, +Rage rPois}
rCold    + . .     Gourm    .   g - +0 chain mail
rNeg     . . .     Faith    .   c - +0 shield
rPois    +         Spirit   .   D - +2 hat {MR+}
rElec    .         Reflect  .   M - scarf {rC+}
rCorr    .         Harm     .   A - +1 pair of gloves
MR       ++...                  z - +0 pair of boots
Stlth    ..........             q - amulet "Cojyic" {Inacc Str+6 Int-2}
Regen    0.8/turn               f - +3 ring of dexterity
                                j - +1 ring of protection

@: no status effects
A: retaliatory headbutt, horns 2, sense surroundings 1, regeneration 1
a: Heroism, Finesse, Renounce Religion, Evoke Berserk Rage


You were on level 2 of the Depths.
You worshipped Okawaru.
Okawaru was exalted by your worship.
You were not hungry.

You visited 4 branches of the dungeon, and saw 19 of its levels.

You collected 1091 gold pieces.
You spent 222 gold pieces at shops.

Inventory:

Hand Weapons
 d - the +8 war axe "Gualaympezo" {antimagic, rF+ rN+ Str+5, unknown}
   (Okawaru gifted it to you on level 12 of the Dungeon)

   It reduces the magical energy of the wielder, and disrupts the spells and
   magical abilities of those hit.
   Natural abilities and divine invocations are not affected.
   It affects your strength (+5).
   It protects you from fire.
   It protects you from negative energy.
 u - a +4 scimitar of flaming
 I - a +3 vampiric long sword
 K - a +2 broad axe of venom
 P - the +11 long sword "Tormentor" (weapon) {freeze, +Rage rPois}
   (Okawaru gifted it to you on level 1 of the Depths)

   It has been specially enchanted to freeze those struck by it, causing extra
   injury to most foes and up to half again as much damage against particularly
   susceptible opponents.
   It can also slow down cold-blooded creatures.
   It protects you from poison.
   It lets you go berserk.
Armour
 c - a +0 shield (worn)
 g - a +0 chain mail (worn)
 m - a +0 troll leather armour {Purgy}
 z - a +0 pair of boots (worn)
 A - a +1 pair of gloves (worn)
 D - a +2 hat of magic resistance (worn)
 M - a scarf of cold resistance (worn)
 Q - the +2 hat of Pride {rPois rN+ Str-3 Int+3}
   (Okawaru gifted it to you on level 2 of the Depths)

   It affects your strength (-3).
   It affects your intelligence (+3).
   It protects you from poison.
   It protects you from negative energy.
Jewellery
 f - a +3 ring of dexterity (right hand)
 j - a +1 ring of protection (left hand)
 q - the amulet "Cojyic" (around neck) {Inacc Str+6 Int-2}
   (You found it on level 4 of the Dungeon)

   [amulet of inaccuracy]

   It reduces the accuracy of all your attacks.
   It affects your strength (+6).
   It affects your intelligence (-2).
 w - an uncursed ring of see invisible
 C - a +3 ring of strength
 G - an uncursed amulet of harm
 R - an uncursed ring of wizardry
Wands
 a - a wand of flame (37/48)
 p - a wand of polymorph (13/24)
 x - a wand of random effects (15/48)
 y - a wand of flame (22/48)
 B - a wand of digging (1/24)
Scrolls
 n - 9 scrolls of teleportation
 s - 5 scrolls of remove curse
 E - 2 scrolls of amnesia
 J - 2 scrolls of fog
 L - a scroll of identify
 O - a scroll of recharging
Potions
 e - a potion of invisibility
 i - a potion of heal wounds
 k - 2 potions of curing
 l - 2 potions of brilliance
 o - 2 potions of magic
 t - 4 potions of flight
 v - 2 potions of agility
 F - a potion of haste {unknown}
Miscellaneous
 H - a sack of spiders
 N - a phial of floods
Comestibles
 b - 3 royal jellies
 h - a bread ration
 r - 3 fruits


   Skills:
 + Level 14.0 Fighting
 + Level 15.8 Long Blades
 + Level 14.4 Armour
 + Level 6.7 Dodging
 + Level 2.7 Stealth
 + Level 16.0 Shields
 + Level 1.0 Evocations


You had 13 spell levels left.
You didn't know any spells.

Dungeon Overview and Level Annotations

Branches:
Dungeon (15/15)            Temple (1/1) D:7            Lair (0/6) D:11
    Orc (0/2) D:11         Vaults (0/5) D:14         Depths (2/5) D:15
   Hell (1/1)
    Dis: Hell:1         Geh: Hell:1         Coc: Hell:1         Tar: Hell:1

Altars:
Ashenzari
Cheibriados
Dithmenos
Elyvilon
Fedhas
Gozag
Hepliaklqana
Kikubaaqudgha
Makhleb
Nemelex Xobeh
Okawaru
Qazlal
Ru
Sif Muna
Trog
Uskayaw
Vehumet
Xom
Yredelemnul
Zin
The Shining One
Beogh
Jiyva

Shops:
D:7 *   D:8 !   D:10 %   D:11 [   Depths:1 *

Portals:
Hell: Depths:1
Abyss: Depths:1


Innate Abilities, Weirdness & Mutations

You reflexively headbutt those who attack you in melee.
You have a pair of horns on your head.
You passively map a small area around you.
Your natural rate of healing is unusually fast.


Message History

You see here 2 bolts.
You see here 2 bolts.
You slash the deep troll shaman! You freeze the deep troll shaman.
The deep troll shaman is moderately wounded.
The deep troll shaman bites you! The deep troll shaman claws you! x2
You barely miss the deep troll shaman.
The deep troll shaman is moderately wounded.
The deep troll shaman bites you but does no damage.
The deep troll shaman closely misses you.
The deep troll shaman claws you but does no damage.
The deep troll shaman is no longer moving quickly.
The deep troll bites you!!
* * * LOW HITPOINT WARNING * * *
You block the deep troll's attack. The deep troll closely misses you.
The deep troll shaman calls upon its god to strengthen the deep troll.
The deep troll seems to grow stronger.
The deep troll shaman bites you.
* * * LOW HITPOINT WARNING * * *
The deep troll shaman completely misses you.
The deep troll shaman claws you!
You die...

,
..................#
* ,
#################.#
* * * *
##########.# ,,
##...(...##.# *,*
##..T(....##.# *
##.T(##T..##..# * ,
##((T##.T)##...#
*##)(T##.TT##....#
*#.)c##..@##...#.#
, #...##...#.(.##.#
, ,*
##...##.....###.# *
, * ##..T##...##
#.., , * ,,
##..T##.## #. * ,
##c..### , ,
##TT.#* ,* *
,,##...## ,
,##c..##*


You could see 2 deep trolls and 2 deep troll shamans.

Vanquished Creatures
  A frost giant (Depths:1)
  The ghost of crawlisdead the Commander, a journeyman DsGl of Okawaru (D:12)
  4 stone giants
  Azrael (D:12)
  The ghost of bombasticus the Basher, a journeyman MiBe of Trog (D:13)
  Josephine (D:14)
  A hydra (D:14)
  A great orb of eyes (Depths:1)
  4 vault guards (D:14)
  Erica (D:10)
  A deep troll shaman (Depths:1)
  10 two-headed ogres
  9 centaur warriors
  An ogre mage (D:15)
  3 death knights
  3 tengu warriors
  Sonja (D:13)
  The ghost of Heleg the Blocker, a novice MiFi of Okawaru (D:8)
  An iron troll (Depths:1)
  2 skeletal warriors
  An unseen horror (shapeshifter) (D:13)
  4 deep trolls
  3 unseen horrors
  A phantasmal warrior (D:10)
  Pikel (D:5)
  4 cyclopes
  A manticore (D:13)
  A wolf spider (D:15)
  2 ugly things
  A salamander (Depths:1)
  A deep elf mage (D:14)
  A centaur zombie (D:15)
  A water nymph (shapeshifter) (D:15)
  A torpor snail (shapeshifter) (D:15)
  4 centaur skeletons
  A komodo dragon (D:14)
  8 yaktaurs
  An efreet (D:12)
  A kobold demonologist (D:14)
  A freezing wraith (D:11)
  3 trolls
  A meliai (D:13)
  2 hornets
  13 slime creatures
  A raiju (shapeshifter) (D:15)
  8 hippogriffs
  Sigmund (D:4)
  A centaur simulacrum (D:14)
  9 wraiths
  4 wyverns
  2 shadows
  A vampire (D:11)
  A hog (shapeshifter) (D:13)
  2 fire elementals (D:12)
  6 yaks
  A yak (shapeshifter) (D:15)
  7 vampire mosquitoes
  4 hungry ghosts
  A soldier ant (shapeshifter) (D:15)
  4 acid dragons
  2 hell hounds (D:12)
  Purgy (D:3)
  A black bear (D:7)
  7 orc warriors
  4 ice beasts
  A hornet zombie (D:15)
  4 phantoms
  4 sky beasts
  8 ogres
  An eye of draining (D:13)
  5 boggarts (D:15)
  14 centaurs
  A crocodile (D:8)
  4 big kobolds
  11 bullfrogs
  A wyvern zombie (D:10)
  6 scorpions
  6 killer bees
  23 wights
  4 electric eels (D:11)
  6 howler monkeys
  7 crimson imps
  A lava snake (D:11)
  A quasit (D:8)
  A wyvern simulacrum (D:14)
  4 bullfrog zombies
  7 hounds
  16 orc wizards
  13 orc priests
  4 jellies
  9 iguanas
  9 worker ants
  A hound zombie (D:10)
  14 adders
  5 shadow imps
  An ooze (D:1)
  3 worms
  2 dart slugs
  7 leopard geckos
  70 orcs
  2 ball pythons
  7 giant cockroaches
  3 goblins
  2 hobgoblins
  7 jackals
  5 quokkas
  4 bats
  2 frilled lizards
  18 kobolds
  2 leopard gecko skeletons
  A leopard gecko zombie (D:9)
  A quokka skeleton (D:7)
  7 rats
509 creatures vanquished.

Vanquished Creatures (others)
  An unseen horror (D:13)
  3 slime creatures (D:12)
  A human (D:5)
  A jelly (D:12)
  A centaur zombie (D:12)
  A bullfrog skeleton (D:5)
  An adder zombie (D:5)
  An orc (D:5)
  A quokka (D:5)
11 creatures vanquished.

Grand Total: 520 creatures vanquished

Notes
Turn   | Place    | Note
-------+----------+-------------------------------------------
     0 | D:1      | Heleg the Minotaur Fighter began the quest for the Orb.
     0 | D:1      | Reached XP level 1. HP: 19/19 MP: 0/0
   416 | D:1      | Reached XP level 2. HP: 27/27 MP: 1/1
   767 | D:2      | Reached skill level 4 in Shields
   859 | D:2      | Reached XP level 3. HP: 32/33 MP: 2/2
  1226 | D:2      | Found an ancient bone altar of Kikubaaqudgha.
  1226 | D:2      | Found a blossoming altar of Fedhas.
  1540 | D:3      | Found a glowing golden altar of the Shining One.
  1707 | D:3      | Found a stormy altar of Qazlal.
  1712 | D:3      | Reached XP level 4. HP: 22/41 MP: 3/3
  1948 | D:3      | Reached XP level 5. HP: 34/47 MP: 4/4
  2031 | D:3      | Noticed Purgy
  2038 | D:3      | Killed Purgy
  2038 | D:3      | Reached skill level 5 in Long Blades
  2038 | D:3      | Reached skill level 1 in Dodging
  2077 | D:3      | Reached XP level 6. HP: 49/55 MP: 5/5
  2090 | D:3      | Found a sparkling altar of Nemelex Xobeh.
  2173 | D:3      | Found a faded altar of an unknown god.
  2592 | D:4      | Found a shimmering altar of Xom.
  2603 | D:4      | Got a wavering silver amulet
  2604 | D:4      | Identified the amulet "Cojyic" {Inacc Str+6 Int-2} (You found it on level 4 of the Dungeon)
  2790 | D:4      | Reached skill level 5 in Fighting
  2997 | D:5      | Entered Level 5 of the Dungeon
  2999 | D:5      | Noticed Sigmund
  3009 | D:4      | Reached skill level 5 in Armour
  3102 | D:4      | Killed Sigmund
  3102 | D:4      | Reached XP level 7. HP: 61/61 MP: 6/6
  3131 | D:5      | Noticed Pikel
  3138 | D:5      | Killed Pikel
  3138 | D:5      | Reached skill level 5 in Shields
  3141 | D:5      | Reached XP level 8. HP: 65/70 MP: 7/7
  3240 | D:5      | Found Kusch's Armour Boutique.
  3537 | D:5      | Found an ancient bone altar of Kikubaaqudgha.
  4031 | D:6      | Reached skill level 6 in Shields
  4412 | D:7      | Found Yhour's Assorted Antiques.
  4493 | D:7      | Reached skill level 1 in Stealth
  4536 | D:7      | Reached XP level 9. HP: 57/78 MP: 8/8
  5169 | D:7      | Reached skill level 7 in Shields
  5195 | D:7      | Reached skill level 10 in Long Blades
  5559 | D:7      | Found a staircase to the Ecumenical Temple.
  5568 | Temple   | Entered the Ecumenical Temple
  5945 | D:8      | Reached skill level 8 in Shields
  5963 | D:8      | Noticed Heleg's ghost (novice MiFi)
  5971 | D:8      | Killed Heleg's ghost
  5971 | D:8      | Reached XP level 10. HP: 75/88 MP: 7/9
  5987 | D:8      | You fall through a shaft for 3 floors!
  6013 | D:11     | Found a staircase to the Orcish Mines.
  6026 | D:10     | Entered Level 10 of the Dungeon
  6029 | D:10     | Noticed a two-headed ogre
  6418 | D:9      | Gained mutation: You passively map a small area around you. [potion of mutation]
  6418 | D:9      | Gained mutation: Your natural rate of healing is unusually fast. [potion of mutation]
  6783 | D:8      | Found a hide-covered altar of Uskayaw.
  6783 | D:8      | Noticed a hand axe
  6784 | D:8      | Noticed a hand axe
  6821 | D:8      | Found Othatuot's Distillery.
  6884 | D:8      | Bought a potion of heal wounds for 75 gold pieces
  6884 | D:8      | Bought a potion of heal wounds for 75 gold pieces
  6922 | D:8      | Found a burning altar of Makhleb.
  6940 | D:8      | Found a basalt altar of Yredelemnul.
  6968 | D:8      | Noticed a two-headed ogre
  6975 | D:8      | Killed a two-headed ogre
  6975 | D:8      | Reached skill level 10 in Armour
  6975 | D:8      | Reached skill level 9 in Shields
  7032 | D:8      | Found an iron altar of Okawaru.
  7054 | D:8      | Became a worshipper of Warmaster Okawaru
  7065 | D:8      | Paralysed by you for 6 turns
  7962 | D:9      | Killed a two-headed ogre
  7962 | D:9      | Reached * piety under Okawaru
  7962 | D:9      | Reached skill level 10 in Shields
  8075 | D:10     | Reached XP level 11. HP: 93/95 MP: 10/10
  8123 | D:10     | Found Etaschan's Food Emporium.
  8398 | D:10     | Noticed Erica
  8414 | D:10     | Killed Erica
  8414 | D:10     | Reached ** piety under Okawaru
  9082 | D:11     | Lost intelligence.
 10916 | D:11     | Noticed a death knight
 10919 | D:11     | Noticed a phantasmal warrior
 10924 | D:11     | Noticed a skeletal warrior
 10928 | D:11     | Killed a death knight
 11075 | D:11     | Found a roughly hewn altar of Beogh.
 11237 | D:11     | Found a staircase to the Lair.
 11260 | D:11     | Killed an unseen horror
 11260 | D:11     | Reached *** piety under Okawaru
 11261 | D:11     | Reached skill level 11 in Shields
 11397 | D:11     | Found Nupephayps's Antique Armour Boutique.
 11633 | D:10     | Killed a phantasmal warrior
 11857 | D:11     | Reached **** piety under Okawaru
 11952 | D:11     | Killed a skeletal warrior
 12701 | D:11     | Reached ***** piety under Okawaru
 12841 | D:12     | Reached XP level 12. HP: 55/106 MP: 11/11
 12941 | D:12     | Reached skill level 12 in Shields
 13002 | D:12     | Noticed crawlisdead's ghost (journeyman DsGl)
 13040 | D:12     | HP: 5/106 [poisoned by crawlisdead's ghost]
 13117 | D:12     | Reached skill level 10 in Fighting
 13340 | D:12     | Noticed a death knight
 13347 | D:12     | Killed a death knight
 13347 | D:12     | Received a gift from Okawaru
 13362 | D:12     | Got a jewelled war axe {god gift}
 13476 | D:12     | Killed crawlisdead's ghost
 13594 | D:12     | Noticed a two-headed ogre
 13601 | D:12     | Killed a two-headed ogre
 13702 | D:12     | Noticed Azrael
 13778 | D:12     | Killed Azrael
 14140 | D:13     | Noticed bombasticus's ghost (journeyman MiBe)
 14161 | D:13     | Killed bombasticus's ghost
 14333 | D:13     | Found a white marble altar of Elyvilon.
 14479 | D:13     | Reached ****** piety under Okawaru
 14486 | D:13     | Paralysed by a hornet for 1 turns
 14501 | D:13     | Noticed a centaur warrior
 14502 | D:13     | Reached skill level 13 in Shields
 14503 | D:13     | Noticed a centaur warrior
 14637 | D:12     | Upgraded the game from 0.20-a0-622-g01f5896 to 0.20-a0-629-gc37eb77
 14646 | D:13     | Noticed a death knight
 14654 | D:13     | Killed a death knight
 14654 | D:13     | Received a gift from Okawaru
 14654 | D:13     | Reached skill level 5 in Dodging
 14911 | D:13     | Noticed a centaur warrior
 14912 | D:13     | Noticed Sonja
 14915 | D:13     | Reached XP level 13. HP: 100/116 MP: 12/12
 14922 | D:13     | Received a gift from Okawaru
 14965 | D:13     | Killed Sonja
 15337 | D:14     | Noticed Josephine
 15428 | D:14     | Found a gate to the Vaults.
 15662 | D:14     | Reached skill level 14 in Shields
 16217 | D:14     | Killed Josephine
 16217 | D:14     | Received a gift from Okawaru
 16464 | D:15     | Entered Level 15 of the Dungeon
 16554 | D:15     | Reached skill level 15 in Long Blades
 17059 | D:15     | Received a gift from Okawaru
 17069 | D:15     | Reached XP level 14. HP: 127/127 MP: 13/13
 17158 | D:15     | Found a staircase to the Depths.
 17599 | D:15     | Reached skill level 15 in Shields
 18041 | Depths:1 | Entered Level 1 of the Depths
 18064 | Depths:1 | Noticed a frost giant
 18078 | Depths:1 | Killed a frost giant
 18078 | Depths:1 | Reached skill level 1 in Evocations
 18087 | Depths:1 | Found Sechocat's Assorted Antiques.
 18095 | Depths:1 | Bought a scroll of identify for 36 gold pieces
 18095 | Depths:1 | Bought a scroll of identify for 36 gold pieces
 18284 | Depths:1 | Found a gateway to Hell.
 18293 | Hell     | Entered the Vestibule of Hell
 18293 | Hell     | Noticed a reaper
 18293 | Hell     | Noticed a reaper
 18587 | Depths:1 | Noticed a stone giant
 18625 | Depths:1 | Killed a stone giant
 18728 | Depths:1 | Found a one-way gate to the infinite horrors of the Abyss.
 18914 | Depths:1 | Received a gift from Okawaru
 18917 | Depths:1 | Got a smoking long sword {god gift}
 18918 | Depths:1 | Identified the +11 long sword "Tormentor" {freeze, +Rage rPois} (Okawaru gifted it to you on level 1 of the Depths)
 18982 | Depths:2 | Noticed a stone giant
 18989 | Depths:2 | Killed a stone giant
 19022 | Depths:2 | Noticed a stone giant
 19030 | Depths:2 | Killed a stone giant
 19136 | Depths:2 | Noticed a stone giant
 19146 | Depths:2 | Killed a stone giant
 19146 | Depths:2 | Reached skill level 16 in Shields
 19152 | Depths:2 | Received a gift from Okawaru
 19305 | Depths:2 | Got a shimmering hat {god gift}
 19306 | Depths:2 | Identified the +2 hat of Pride {rPois rN+ Str-3 Int+3} (Okawaru gifted it to you on level 2 of the Depths)
 19357 | Depths:2 | Slain by a deep troll shaman

Vault maps used:
D:1:      lemuel_arrival_behind_the_door_small
D:2:      grunt_temple_overflow_growth_and_decay
D:3:      nemelex_xobeh_ov_fountains_minmay, nicolae_overflow_crystal_walls,
          lemuel_coloured_pillars_altar, chequers_ecumenical_altar_twisty,
          uniq_purgy
D:4:      lemuel_doored_altar, first_bread
D:5:      serial_shops, nicolae_shop_statue_plus, tgw_kikubaaqudgha,
          uniq_sigmund, uniq_pikel
D:7:      minmay_temple_entry_junction, serial_co_window_serial,
          co_window_corner_a, co_window_cross_1, co_window_of_opportunity_a,
          co_window_corner_a, co_window_corner_a, co_window_corner_ca,
          co_window_paths_c, co_window_unsneaky_path_a, co_window_broadway_c,
          serial_shops, shop
D:8:      lightli_temple_of_fire, overflow_temple_1_default,
          dancing_weapons_uskayaw, okawaru_gym_becter, serial_shops, shop
D:10:     serial_shops, shop_statue, uniq_erica
D:11:     minmay_orc_entry_temple_small, serial_shops, nicolae_shop_statue_plus,
          blue_anna_alchemist
D:12:     uniq_azrael
D:13:     kennysheep_green_arena, basic_altar, uniq_sonja
D:14:     lightli_vaults_fourway_checkpoint, infiniplex_staircase_zigzag_4,
          uniq_josephine
D:15:     gammafunk_enter_depths_forms, lab_entry_generic
Temple:   pf_slime_end_temple
Depths:1: hangedman_tar_grid_catacomb, kennysheep_cross_room, abyss_entry,
          kennysheep_generic_room_14, serial_bayou_shore_b, minmay_shop_star
Depths:2: hangedman_grunt_twisty_little_passages, hangedman_abyss_entry_splay,
          pf_coc_iceberg

Skill      XL: |  1  2  3  4  5  6  7  8  9 10 11 12 13 14 |
---------------+-------------------------------------------+-----
Fighting       | 4 5 6 7 8 9 11 12 14 | 14.0
Armour         | 4 5 6 7 9 10 12 13 14 | 14.4
Shields        | 4 5 6 8 10 11 13 14 16 | 16.0
Long Blades    | 3 4 5 6 7 9 10 11 13 14 15 | 15.8
Dodging        | 1 2 3 4 5 6 |  6.7
Stealth        | 1 2 |  2.7
Evocations     | 1 |  1.0

Action                   |  1- 3 |  4- 6 |  7- 9 | 10-12 | 13-15 || total
-------------------------+-------+-------+-------+-------+-------++-------
Melee: Long sword        |    96 |   105 |   317 |   204 |   472 ||  1194
       Headbutt          |    16 |    21 |    71 |   200 |   263 ||   571
       Scimitar          |       |       |       |   685 |   255 ||   940
Evoke: Wand              |       |       |       |     1 |     5 ||     6
  Use: Potion            |     5 |     2 |     1 |    13 |     1 ||    22
       Scroll            |     6 |     4 |     6 |    23 |     9 ||    48
 Stab: Distracted        |       |       |       |     1 |       ||     1
  Eat: Royal jelly       |     2 |       |       |     1 |     3 ||     6
       Bread ration      |     1 |       |       |     2 |     2 ||     5
       Chunk             |     1 |       |       |       |       ||     1
       Fruit             |       |       |     3 |    26 |    11 ||    40
       Meat ration       |       |       |     3 |     1 |       ||     4
Armor: Scale mail        |    38 |    14 |       |       |       ||    52
       Chain mail        |       |    31 |   112 |   267 |   209 ||   619
Dodge: Dodged            |    28 |    30 |    68 |   213 |   208 ||   547
Block: Shield            |    51 |    45 |   137 |   526 |   402 ||  1161
       Rpst.: Long sword |     7 |     9 |    19 |    11 |    29 ||    75
       Scimitar          |       |       |       |    48 |    17 ||    65
